 Dungeon Crawl Stone Soup version 0.29.1-13-g9f3cf754e1 (webtiles) character file.

Game seed: 15414509783519007246

184 croobank the Sneak (level 5, -1/37 HPs)
             Began as an Octopode Delver on Feb 7, 2023.
             Slain by Pikel
             ... wielding a +0 whip of freezing
              (4 damage)
             ... on level 4 of the Dungeon.
             The game lasted 00:08:54 (3165 turns).

croobank the Sneak (Octopode Delver)                Turns: 3165, Time: 00:08:55

Health: -1/37      AC:  1    Str: 12    XL:     5   Next: 63%
Magic:  6/6        EV: 13    Int: 14    God:
Gold:   134        SH:  0    Dex: 13    Spells: 6/6 levels left

rFire   . . .      SeeInvis .   a - +1 hand axe
rCold   . . .      Faith    .   (no shield)
rNeg    . . .      Spirit   .   (helmet restricted)
rPois   .          Reflect  .   g - amulet of regeneration
rElec   .          Harm     .   (no ring)
rCorr   .          Rampage  .   (no ring)
Will    .....                   (no ring)
Stlth   +++++.....              (no ring)
HPRegen 0.92/turn               (no ring)
MPRegen 0.10/turn               (no ring)
                                (no ring)
                                (no ring)

@: no status effects
A: almost no armour, amphibious, 8 rings, camouflage 1, gelatinous body 1,
(nimble swimmer 1), tentacles
a: no special abilities


You were on level 4 of the Dungeon.
You visited 1 branch of the dungeon, and saw 6 of its levels.

You collected 211 gold pieces.
You spent 77 gold pieces at shops.

Inventory:

Hand Weapons
 a - a +1 hand axe (weapon)
 c - a +2 dagger of pain
Missiles
 m - 2 poisoned darts (quivered)
Jewellery
 g - an amulet of regeneration (around mantle)
 v - an amulet of the acrobat
Wands
 f - a wand of digging (3)
Scrolls
 b - a scroll of fog
 h - a scroll of fear
 i - 2 scrolls of noise
 j - a scroll of immolation
 k - a scroll of summoning
 l - a scroll of torment
 r - a scroll of amnesia
 x - 3 scrolls of teleportation
Potions
 e - 3 potions of attraction
 n - a potion of invisibility
 o - 2 potions of magic
 p - 2 potions of heal wounds
 q - a potion of haste
 u - a potion of mutation
 w - 2 potions of berserk rage


   Skills:
 + Level 3.9 Fighting
 + Level 3.1 Axes
 + Level 3.0 Dodging
 + Level 7.5 Stealth
 + Level 1.2 Spellcasting
 + Level 0.5 Conjurations


You had 6 spell levels left.
You didn't know any spells.
Your spell library contained the following spells:

 Spells                   Type           Power      Damage    Failure   Level
 Magic Dart               Conj           8%         1d3       22%         1
 Searing Ray              Conj           4%         2d4       32%         2
 Fulminant Prism          Conj/Hex       0%         3d6       93%         4


Dungeon Overview and Level Annotations

Branches:
Dungeon (6/15)
 Temple: D:4-7

Altars:

Shops:
D:2 ?

Annotations:
D:4 Pikel
D:5 Eustachio


Innate Abilities, Weirdness & Mutations

You cannot wear most types of armour.
You are amphibious.
You can wear up to eight rings at the same time.
Your skin changes colour to match your surroundings (Stealth+).
Your rubbery body absorbs attacks. (AC +1, EV +1)
((You are camouflaged when in or above water. (Stealth+)))
You have tentacles for arms and can constrict up to eight enemies at once.


Message History

The lemure is almost dead.
You hit the lemure. You constrict the lemure.
You kill the lemure!
That felt strangely unrewarding.
The lemure hits you. The lemure barely misses you.
You hit the lemure but do no damage. Your grab misses the lemure.
You squeeze the lemure.
The lemure is lightly wounded.
Your kobold barely misses the lemure.
The lemure hits you.
You hit the lemure but do no damage. You grab the lemure.
The lemure is lightly wounded.
You constrict the lemure.
Your kobold completely misses the lemure.
The lemure hits you!
You hit the lemure but do no damage. You squeeze the lemure.
The lemure is moderately wounded.
You constrict the lemure.
Your kobold hits the lemure but does no damage.
The lemure closely misses you.
Your kobold hits the lemure but does no damage.
You hit the lemure.
The lemure is heavily wounded.
You hit Pikel. You constrict the lemure. Pikel barely misses you.
The lemure hits you.
Your kobold hits the lemure with a +0 short sword.
You hit the lemure. You squeeze the lemure!
The lemure is almost dead.
You hit Pikel but do no damage. You constrict the lemure.
You kill the lemure!
That felt strangely unrewarding.
Pikel hits you with a +0 whip of freezing!
Pikel freezes you.
* * * LOW HITPOINT WARNING * * *
Your kobold barely misses Pikel.
You barely miss Pikel. Your grab misses Pikel. You squeeze Pikel.
Pikel is lightly wounded.
Pikel hits you with a +0 whip of freezing!
* * * LOW HITPOINT WARNING * * *
Pikel freezes you.
You die...

.###.#..#.###.......###
.......................
######.#..#.##........###
#.........#.##<###.####
#.####.#.##.#### #.# ###.
#.#.##.# ..#
#....###.#....# ####
#........######.##
!....#..K@...<...
##.#.#.##K.###### #
#........"....
###5##..###### #.##...>.
#5##.##### #o##.# #5##.#
#K#...


You could see Pikel (ally target) and a friendly kobold (summoned).

Vanquished Creatures
  4 lemures (D:4)
  2 hounds
  Jessica (D:3)
  An ufetubus (D:4)
  6 worms (D:2)
  3 dart slugs
  An orc (D:4)
  12 ball pythons
  9 endoplasms
  2 giant cockroaches
  4 goblins
  2 hobgoblins
  4 jackals (D:3)
  5 quokkas
  4 bats
  3 frilled lizards
  4 kobolds
  6 rats
73 creatures vanquished.

Vanquished Creatures (others)
  A fungus (D:1)
  A plant (D:1)
2 creatures vanquished.

Grand Total: 75 creatures vanquished

Notes
Turn   | Place    | Note
-------+----------+-------------------------------------------
     0 | D:5      | croobank the Octopode Delver began the quest for the Orb.
     0 | D:5      | Reached XP level 1. HP: 16/16 MP: 1/1
     1 | D:6      | Noticed an orc warrior
     5 | D:6      | Noticed an orc priest
     6 | D:6      | Noticed an orc wizard
    10 | D:6      | Noticed an orc priest
   121 | D:5      | Noticed Eustachio
   131 | D:5      | Noticed a hound
   159 | D:5      | Killed a hound
   160 | D:5      | Reached XP level 2. HP: 18/21 MP: 2/2
   160 | D:5      | Reached XP level 3. HP: 23/26 MP: 3/3
   214 | D:5      | Noticed a scorpion
   225 | D:4      | Reached skill level 7 in Stealth
   241 | D:3      | Noticed Jessica
   501 | D:1      | Found a faded altar of an unknown god.
  1099 | D:1      | Reached XP level 4. HP: 31/31 MP: 4/4
  1238 | D:2      | Found Akky's Magic Scroll Shop.
  1273 | D:2      | Bought a scroll of identify for 22 gold pieces
  1274 | D:2      | Bought a scroll of noise for 11 gold pieces
  1277 | D:2      | Bought a scroll of identify for 22 gold pieces
  1277 | D:2      | Bought a scroll of identify for 22 gold pieces
  2292 | D:3      | Killed Jessica
  2293 | D:3      | Reached skill level 1 in Spellcasting
  2293 | D:3      | Reached XP level 5. HP: 37/37 MP: 6/6
  3127 | D:4      | Noticed a lemure
  3128 | D:4      | Noticed a lemure
  3128 | D:4      | Noticed a lemure
  3129 | D:4      | Noticed Pikel
  3130 | D:4      | Noticed a lemure
  3151 | D:4      | Killed a lemure
  3154 | D:4      | Killed a lemure
  3159 | D:4      | Killed a lemure
  3164 | D:4      | Killed a lemure
  3165 | D:4      | Slain by Pikel

Illustrated notes

Levels and vault maps discovered:
D:1:      evilmike_arrival_rings, layout_basic, shapermc_ecumenical_altar_gd
D:2:      minmay_inner_zag, layout_basic, serial_shops, shop
D:3:      layout_basic, uniq_jessica
D:4:      layout_basic, uniq_pikel, uniq_robin
D:5:      layout_rooms, lemuel_zombie_altar_kikubaaqudgha,
          mainiacjoe_overflow_small_starburst, uniq_edmund, uniq_eustachio
D:6:      kennysheep_housing_project, layout_layer_cave,
          minmay_temple_entry_statues_pillars

Skill      XL: |  1  2  3  4  5 |
---------------+----------------+-----
Stealth        | 7 |  7.5
Axes           | 3 |  3.1
Spellcasting   | 1 |  1.2
Dodging        | 3 |  3.0
Fighting       | |  3.9
Conjurations   | |  0.5

Action                   |  1- 3 |  4- 6 || total
-------------------------+-------+-------++-------
Melee: Hand axe          |    42 |   106 ||   148
       Constrict         |    10 |    22 ||    32
       Tentacles         |     9 |    27 ||    36
       Punch             |     1 |     5 ||     6
  Use: Scroll            |     2 |    14 ||    16
       Potion            |     1 |       ||     1
 Stab: Sleeping          |    10 |    21 ||    31
       Distracted        |       |     3 ||     3
Armor: Skin              |     3 |    14 ||    17
Dodge: Dodged            |    27 |    48 ||    75
